 Dungeon Crawl Stone Soup version 0.28-a0-595-g9f6c0e134a (webtiles) character file.

Game seed: 3504045120731363504

16598 lunkers the Brawler (level 12, -2/124 HPs)
             Began as a Troll Cinder Acolyte on Oct 4, 2021.
             Was a High Priest of Ignis.
             Slain by a death yak (22 damage)
             ... on level 10 of the Dungeon.
             The game lasted 00:22:18 (9296 turns).

lunkers the Brawler (Troll Cinder Acolyte)          Turns: 9296, Time: 00:22:19

Health: -2/124     AC: 10    Str: 25    XL:     12   Next: 11%
Magic:  12/12      EV:  8    Int: 10    God:    Ignis [*****.]
Gold:   367        SH: 10    Dex:  9    Spells: 13/13 levels left

rFire   + . .      SeeInvis +     - Unarmed
rCold   . . .      Faith    .   j - +2 kite shield
rNeg    . . .      Spirit   .   b - +0 troll leather armour
rPois   .          Reflect  .   (helmet restricted)
rElec   .          Harm     .   (no cloak)
rCorr   .          Rampage  .   (gloves unavailable)
Will    .....                   (boots unavailable)
Stlth   +.........              (no amulet)
HPRegen 2.30/turn               m - +4 ring of protection
MPRegen 0.13/turn               t - ring of see invisible

@: no status effects
A: large, unfitting armour, claws 3, regeneration 1, shaggy fur 1, tough skin 1
a: Renounce Religion, Sea of Fire, Foxfire Swarm, Rising Flame


You were on level 10 of the Dungeon.
You worshipped Ignis.
Ignis was extremely pleased with you.
You visited 1 branch of the dungeon, and saw 11 of its levels.

You collected 497 gold pieces.
You spent 130 gold pieces at shops.

Inventory:

Missiles
 e - 19 poisoned darts (quivered)
 h - 10 large rocks
 i - 256 stones
 y - 5 atropa-tipped darts
 C - 10 boomerangs
 I - 6 curare-tipped darts
Armour
 a - a +1 robe
 b - a +0 troll leather armour (worn)
 j - a +2 kite shield (worn)
Jewellery
 m - a +4 ring of protection (left claw)
 n - a ring of fire
 t - a ring of see invisible (right claw)
Wands
 x - a wand of digging (4)
 A - a wand of acid (7)
 H - a wand of flame (48)
Scrolls
 k - a scroll of teleportation
 s - a scroll of immolation {unknown}
 w - 2 scrolls of enchant weapon
 E - 2 scrolls of summoning
 F - a scroll of fear {unknown}
 G - 3 scrolls of magic mapping {unknown}
Potions
 c - 2 potions of attraction
 d - 5 potions of might
 f - 3 potions of flight
 g - 2 potions of curing
 l - 2 potions of invisibility
 o - a potion of magic
 p - a potion of ambrosia
 q - 3 potions of heal wounds
 r - 3 potions of lignification {unknown}
 u - a potion of resistance {unknown}
 v - 2 potions of haste
 z - 2 potions of brilliance {unknown}
 B - a potion of berserk rage {unknown}


   Skills:
 + Level 9.5 Fighting
 * Level 5.8 Shields
 * Level 15.4 Unarmed Combat
 - Level 1.0 Spellcasting
 - Level 2.1 Fire Magic


You had 13 spell levels left.
You didn't know any spells.
Your spell library contained the following spells:

 Spells                   Type           Power      Damage    Failure   Level
 Scorch                   Fire           8%         2d5       43%         2
 Foxfire                  Conj/Fire      8%         2x1d4     45%         1
 Animate Skeleton         Necr           0%         N/A       61%         1
 Pain                     Necr           0%         1d4       61%         1
 Sting                    Tmut/Pois      0%         1d3       61%         1
 Static Discharge         Conj/Air       0%         N/A       75%         2
 Conjure Flame            Conj/Fire      2%         6-21      83%         3
 Inner Flame              Hex/Fire       2%         N/A       83%         3
 Vampiric Draining        Necr           0%         2d6       93%         3
 Flame Wave               Conj/Fire      2%         3d3       99%         4
 Sticky Flame             Conj/Fire      2%         2d3       99%         4
 Dispel Undead            Necr           0%         3d6       100%        4


Dungeon Overview and Level Annotations

Branches:
Dungeon (11/15)            Temple (0/1) D:6
   Lair: D:8-11         Orc: D:9-12

Altars:
Ashenzari
Cheibriados
Dithmenos
Elyvilon
Fedhas
Gozag
Okawaru
Ru
Sif Muna
Trog
Vehumet
Xom
The Shining One

Shops:
D:8 *   D:10 (

Annotations:
D:8 2 runed translucent doors, swinepaste's ghost, novice SpAK


Innate Abilities, Weirdness & Mutations

You are too large for most types of armour.
You have claws for hands.
Your natural rate of healing is unusually fast.
You are covered in fur. (AC +1)
You have tough skin. (AC +1)


Message History

The death yak gores you.
You mangle the death yak!!
The death yak is severely wounded.
You claw the death yak!
The death yak is severely wounded.
The death yak gores you!
You barely miss the death yak.
The death yak is severely wounded.
You block the death yak's attack.
You claw the death yak!
The death yak is almost dead.
The death yak gores you!
You mangle the death yak!!
You kill the death yak!
You completely miss the death yak. The death yak gores you!!
* * * LOW HITPOINT WARNING * * *
You barely miss the death yak. The death yak gores you!!
* * * LOW HITPOINT WARNING * * *
You mangle the death yak!!
The death yak is moderately wounded.
The death yak closely misses you.
Unknown command.
You scratch the death yak but do no damage.
The death yak is moderately wounded.
The death yak gores you but does no damage.
You scratch the death yak.
The death yak is moderately wounded.
Unknown command.
You eviscerate the death yak!!!
The death yak is almost dead.
The death yak gores you!!
* * * LOW HITPOINT WARNING * * *
You scratch the death yak but do no damage.
The death yak is almost dead.
The death yak gores you!!
* * * LOW HITPOINT WARNING * * *
You scratch the death yak but do no damage.
The death yak is almost dead.
The death yak gores you!!
You die...

#......####..............#
#.........#..............#
####.........#..............#
#............################
#............................
#.......................>....
#............................
#.....######.....##.......<..
#.....# #@##..##.....####.
#.....# #Y##.........# #.
#.....# #Y..∩....##### #.
#.....# #....##..# ## #.....#
###..##..# #.##### ###.....##
### ###...### #####


You could see 2 death yaks.

Vanquished Creatures
  3 two-headed ogres
  3 death yaks
  An ugly thing (D:11)
  A manticore (D:11)
  A cyclops (D:11)
  Maurice (D:9)
  7 centaur zombies
  2 trolls
  3 hornets
  A wraith (D:10)
  A wyvern (D:7)
  Grum (D:8)
  27 yaks
  2 steam dragons (D:8)
  An acid dragon (D:10)
  2 water moccasins
  6 orc warriors
  2 ice beasts
  2 black bears
  2 sky beasts
  10 centaurs
  4 wolves (D:8)
  2 kobold brigands
  Blork the orc (D:6)
  3 scorpions
  5 bullfrogs
  3 gnoll sergeants
  7 wights (D:8)
  6 killer bees
  2 howler monkeys
  A bullfrog zombie (D:5)
  A centaur skeleton (D:7)
  2 gnoll shamans (D:8)
  3 hounds
  8 orc priests
  Jessica (D:2)
  5 iguanas
  10 orc wizards
  A hound skeleton (D:4)
  A mummy (D:8)
  Robin (D:4)
  17 gnolls
  6 adders
  A shadow imp (D:7)
  A white imp (D:8)
  An ufetubus (D:4)
  2 worms (D:2)
  A dart slug (D:1)
  31 orcs
  5 endoplasms
  6 giant cockroaches
  18 goblins
  11 hobgoblins
  4 jackals (D:1)
  2 quokkas
  7 ball pythons
  6 bats
  4 frilled lizards
  3 hobgoblin zombies (D:8)
  24 kobolds
  A kobold zombie (D:8)
  6 rats
303 creatures vanquished.

Vanquished Creatures (others)
  14 plants
14 creatures vanquished.

Grand Total: 317 creatures vanquished

Notes
Turn   | Place    | Note
-------+----------+-------------------------------------------
     0 | D:1      | lunkers the Troll Cinder Acolyte began the quest for the
                  | Orb.
     0 | D:1      | Reached XP level 1. HP: 22/22 MP: 1/1
    34 | D:1      | Found a faded altar of an unknown god.
    68 | D:1      | Reached XP level 2. HP: 29/29 MP: 2/2
   267 | D:1      | Reached XP level 3. HP: 33/36 MP: 3/3
   446 | D:1      | Reached skill level 4 in Unarmed Combat
   852 | D:2      | Noticed Jessica
   920 | D:2      | Killed Jessica
   921 | D:2      | Reached XP level 4. HP: 45/45 MP: 4/4
  2364 | D:4      | Noticed a black bear
  2365 | D:4      | Noticed a scorpion
  2380 | D:3      | Reached skill level 5 in Unarmed Combat
  2380 | D:3      | Reached XP level 5. HP: 53/53 MP: 5/5
  2386 | D:3      | Killed a black bear
  2416 | D:3      | Reached skill level 6 in Unarmed Combat
  2416 | D:3      | Reached XP level 6. HP: 44/62 MP: 6/6
  2602 | D:4      | Found a broken altar of Ashenzari.
  2645 | D:4      | Noticed an orc warrior
  2681 | D:3      | HP: 3/62 [orc warrior (15)]
  2719 | D:3      | Killed an orc warrior
  2740 | D:4      | Found a bloodstained altar of Trog.
  2754 | D:4      | Noticed Robin
  2767 | D:4      | Killed Robin
  2785 | D:4      | Found a shimmering blue altar of Sif Muna.
  2791 | D:4      | Got Sif Muna's Tome of Vitriolic Flames
  2850 | D:4      | Reached XP level 7. HP: 70/70 MP: 7/7
  2896 | D:4      | Found an opulent altar of Gozag.
  3080 | D:5      | Entered Level 5 of the Dungeon
  3095 | D:5      | Reached skill level 7 in Unarmed Combat
  3264 | D:5      | Reached skill level 5 in Fighting
  3264 | D:5      | Reached skill level 8 in Unarmed Combat
  3264 | D:5      | Reached XP level 8. HP: 77/80 MP: 8/8
  4022 | D:6      | Reached skill level 9 in Unarmed Combat
  4468 | D:6      | Noticed Blork the orc
  4477 | D:6      | Killed Blork the orc
  4498 | D:6      | Found a staircase to the Ecumenical Temple.
  4661 | D:7      | Reached skill level 10 in Unarmed Combat
  4749 | D:7      | Found a sacrificial altar of Ru.
  4765 | D:7      | Reached XP level 9. HP: 68/89 MP: 9/9
  5160 | D:7      | Found an iron altar of Okawaru.
  5298 | D:8      | Reached skill level 11 in Unarmed Combat
  5343 | D:8      | Noticed Grum
  5363 | D:8      | Killed Grum
  5569 | D:8      | Reached skill level 12 in Unarmed Combat
  5633 | D:8      | Found Liawn's General Store.
  5721 | D:8      | Reached XP level 10. HP: 93/102 MP: 10/10
  6041 | D:8      | Found a white marble altar of Elyvilon.
  6042 | D:8      | Found a glowing golden altar of the Shining One.
  6074 | D:8      | Found a shadowy altar of Dithmenos.
  6087 | D:8      | Found a radiant altar of Vehumet.
  6107 | D:8      | Found a large runed translucent door.
  6108 | D:8      | Found a large runed translucent door.
  6109 | D:8      | Noticed swinepaste's ghost (novice SpAK)
  6770 | D:8      | Bought a potion of heal wounds for 65 gold pieces
  6770 | D:8      | Bought a potion of heal wounds for 65 gold pieces
  6933 | D:9      | Reached skill level 13 in Unarmed Combat
  7262 | D:9      | Found a shimmering altar of Xom.
  7280 | D:9      | Found a shimmering altar of Xom.
  7280 | D:9      | Found a shimmering altar of Xom.
  7281 | D:9      | Found a shimmering altar of Xom.
  7283 | D:9      | Found a shimmering altar of Xom.
  7283 | D:9      | Found a shimmering altar of Xom.
  7283 | D:9      | Noticed a torpor snail
  7287 | D:9      | Found a snail-covered altar of Cheibriados.
  7287 | D:9      | Noticed a torpor snail
  7289 | D:9      | Noticed a torpor snail
  7290 | D:9      | Found a shimmering altar of Xom.
  7380 | D:9      | Reached skill level 1 in Shields
  7505 | D:9      | Reached skill level 14 in Unarmed Combat
  7506 | D:9      | Reached XP level 11. HP: 110/113 MP: 11/11
  7603 | D:9      | Noticed Maurice
  7786 | D:10     | Entered Level 10 of the Dungeon
  8039 | D:9      | Killed Maurice
  8194 | D:10     | Found a blossoming altar of Fedhas.
  8198 | D:10     | Noticed a two-headed ogre
  8244 | D:10     | Killed a two-headed ogre
  8455 | D:10     | Found Wialitam's Weapon Emporium.
  8939 | D:11     | Noticed a two-headed ogre
  8954 | D:11     | Killed a two-headed ogre
  8955 | D:11     | Reached skill level 15 in Unarmed Combat
  8983 | D:11     | Reached skill level 5 in Shields
  9040 | D:11     | Noticed a two-headed ogre
  9056 | D:11     | Killed a two-headed ogre
  9109 | D:11     | Noticed a white ugly thing
  9137 | D:11     | Killed a white ugly thing
  9198 | D:11     | Noticed a death yak
  9198 | D:11     | Noticed a death yak
  9199 | D:11     | Noticed a death yak
  9204 | D:11     | Noticed a death yak
  9210 | D:11     | Noticed a death yak
  9211 | D:11     | Noticed a death yak
  9214 | D:11     | Noticed a death yak
  9216 | D:11     | Noticed a death yak
  9229 | D:11     | Killed a death yak
  9230 | D:11     | Reached XP level 12. HP: 67/124 MP: 12/12
  9250 | D:10     | Killed a death yak
  9288 | D:10     | Killed a death yak
  9296 | D:10     | Slain by a death yak

Illustrated notes

Levels and vault maps discovered:
D:1:      evilmike_arrival_hilbert_curve, layout_loops_ring,
          shapermc_ecumenical_altar_starsandcircs, lexackson_kobold_supper
D:2:      layout_rooms, minmay_octomino_e4, uniq_jessica
D:3:      layout_loops_corners, serial_bayou, serial_bayou_pond_d,
          serial_bayou_shore_b, serial_bayou_shore_a, serial_bayou_ford_a,
          serial_bayou_pond_a, serial_bayou_pond_e
D:4:      layout_rooms, nzn_overflow_gifts_of_might_and_magic,
          cheibrodos_ashenzari_chains, mainiacjoe_overflow_small_starburst,
          kennysheep_generic_room_2, uniq_robin
D:5:      layout_gridville, serial_bayou, serial_bayou_pond_a,
          serial_bayou_lake_a, serial_bayou_pond_a, serial_bayou_pond_e
D:6:      layout_basic, minmay_temple_entry_wispy, uniq_blork_the_orc
D:7:      layout_basic, kennysheep_mini_moat, kennysheep_little_box,
          kennysheep_generic_room_5
D:8:      minmay_four_partial_circles, layout_loops_ring,
          grunt_temple_overflow_cloverleaf, ebering_ghost_disaster_area,
          nicolae_inconvenience_store, minmay_mini_ossuary, uniq_grum
D:9:      layout_cave_pools, xom_shifter_show, cheibriados_altar_2, uniq_maurice
D:10:     layout_irregular_city, fedhas_altar_1, serial_shops,
          nicolae_square_shop
D:11:     layout_big_octagon, dpeg_lair_monsters,
          hangedman_decor_clover_reticule

Skill      XL: |  1  2  3  4  5  6  7  8  9 10 11 |
---------------+----------------------------------+-----
Unarmed Combat | 4 5 6 8 10 12 14 15 | 15.4
Fighting       | 3 4 5 6 7 8 9 |  9.5
Shields        | 1 5 |  5.8
Spellcasting   | |  1.0
Fire Magic     | |  2.1

Action                   |  1- 3 |  4- 6 |  7- 9 | 10-12 || total
-------------------------+-------+-------+-------+-------++-------
Melee: Unarmed           |   101 |   147 |   289 |   390 ||   927
       Punch             |       |       |     7 |     5 ||    12
Throw: Dart              |    24 |    25 |    29 |    67 ||   145
       Stone             |     1 |    10 |     5 |       ||    16
  Use: Scroll            |       |       |     9 |     8 ||    17
       Potion            |       |       |       |     1 ||     1
Armor: Robe              |    60 |    49 |    97 |    37 ||   243
       Troll leather arm |       |       |       |   160 ||   160
Dodge: Dodged            |    47 |    79 |   111 |   153 ||   390
Block: Kite shield       |       |       |       |   152 ||   152

Table legend: (Time is in decaauts)
 A = Elapsed time spent in this place.
 B = Non-inter-level travel time spent in this place.
 C = Inter-level travel time spent in this place.
 D = Time resting spent in this place.
 E = Time spent auto-exploring this place.
 F = Levels seen in this place.
 G = Mean time per level.
                   A        B        C        D        E       F      G
               +--------+--------+--------+--------+--------+-----+--------+
         Total |   9294 |   8812 |    482 |    150 |   6187 |  11 |  844.9 |
       Dungeon |   9294 |   8812 |    482 |    150 |   6187 |  11 |  844.9 |
               +--------+--------+--------+--------+--------+-----+--------+

Top non-repeatable levels by time:
     D:8: 1733 daAuts
     D:3: 1159 daAuts
     D:9: 924 daAuts
    D:10: 922 daAuts
     D:1: 877 daAuts
     D:6: 785 daAuts
     D:5: 746 daAuts
     D:7: 627 daAuts
     D:4: 584 daAuts
     D:2: 481 daAuts
    D:11: 452 daAuts
